 Dungeon Crawl Stone Soup version 0.28.0-43-g3370ac3207 (webtiles) character file.

Game seed: 16311888613277010784

715 Ablot the Grasshopper (level 7, 0/56 HPs)
             Began as a Gnoll Warper on Mar 7, 2022.
             Was an Initiate of the Shining One.
             Slain by a two-headed ogre
             ... wielding a +0 giant club
              (22 damage)
             ... on level 5 of the Dungeon.
             The game lasted 00:06:57 (5350 turns).

Ablot the Grasshopper (Gnoll Warper)                Turns: 5350, Time: 00:06:57

Health: 0/56       AC:  5    Str: 13    XL:     7   Next: 69%
Magic:  15/15      EV: 13    Int: 12    God:    the Shining One [......]
Gold:   110        SH:  0    Dex: 13    Spells: 14/17 levels left

rFire   x . .      SeeInvis .   d - +2 short sword (venom)
rCold   + + .      Faith    +   (no shield)
rNeg    . . .      Spirit   .   b - +0 leather armour
rPois   .          Reflect  .   (no helmet)
rElec   .          Harm     .   (no cloak)
rCorr   .          Rampage  .   i - +1 pair of gloves
Will    .....                   (no boots)
Stlth   +.........              t - amulet of faith
HPRegen 0.18/turn               q - ring of protection from cold
MPRegen 0.14/turn               z - ring of Ceiqobi {Ice Dex+2 Stlth+}

@: glowing
A: fangs 1, strong nose, distributed training
a: Renounce Religion


You were on level 5 of the Dungeon.
You worshipped the Shining One.
The Shining One was noncommittal.
You visited 2 branches of the dungeon, and saw 6 of its levels.

You collected 110 gold pieces.

Inventory:

Hand Weapons
 a - a +0 trident
 d - a +2 short sword of venom (weapon)
Missiles
 g - 127 stones
 j - 60 arrows
 k - 5 boomerangs of dispersal
 n - 6 poisoned darts (quivered)
 u - 2 boomerangs
Armour
 b - a +0 leather armour (worn)
 i - a +1 pair of gloves (worn)
Magical Staves
 o - a staff of conjuration
Jewellery
 q - a ring of protection from cold (left hand)
 r - a ring of magical power
 t - an amulet of faith (around neck)
 z - the ring of Ceiqobi (right hand) {Ice Dex+2 Stlth+}
   (You found it on level 3 of the Dungeon)

   [ring of ice]

   It enhances your ice magic.
   Dex:       It affects your dexterity (+2).
   rF:        It makes you vulnerable to fire.
   rC:        It protects you from cold.
   Stlth:     It makes you more stealthy.
Wands
 y - a wand of polymorph (7)
Scrolls
 c - a scroll of blinking
 e - a scroll of enchant weapon {unknown}
 h - 2 scrolls of teleportation {unknown}
 m - 2 scrolls of magic mapping {unknown}
 p - a scroll of fear {unknown}
 v - a scroll of identify {unknown}
 w - a scroll of enchant armour {unknown}
Potions
 f - 3 potions of curing {unknown}
 l - a potion of haste {unknown}
 s - a potion of flight {unknown}
 x - 2 potions of brilliance {unknown}


   Skills:
 + Level 5.3 Fighting
 + Level 2.6 Short Blades
 + Level 2.6 Long Blades
 + Level 2.6 Axes
 + Level 2.6 Maces & Flails
 + Level 5.3 Polearms
 + Level 2.6 Staves
 + Level 2.6 Slings
 + Level 2.6 Bows
 + Level 2.6 Crossbows
 + Level 3.7 Throwing
 + Level 3.7 Armour
 + Level 5.3 Dodging
 + Level 2.6 Stealth
 + Level 2.6 Shields
 + Level 2.6 Unarmed Combat
 + Level 5.7 Spellcasting
 + Level 2.1 Conjurations
 + Level 2.1 Hexes
 + Level 2.1 Summonings
 + Level 2.1 Necromancy
 + Level 5.9 Translocations
 + Level 2.1 Transmutations
 + Level 2.1 Fire Magic
 + Level 2.1 Ice Magic
 + Level 2.1 Air Magic
 + Level 2.1 Earth Magic
 + Level 2.1 Poison Magic
 + Level 2.9 Invocations
 + Level 2.6 Evocations


You had 14 spell levels left.
You knew the following spells:

 Your Spells              Type           Power      Damage    Failure   Level
a - Blink                 Tloc           34%        N/A       3%          2
b - Sting                 Tmut/Pois      32%        1d4       10%         1

Your spell library contained the following spells:

 Spells                   Type           Power      Damage    Failure   Level
 Gell's Gravitas          Tloc           17%        N/A       6%          3
 Lesser Beckoning         Tloc           17%        N/A       6%          3
 Teleport Other           Tloc           17%        N/A       6%          3
 Magic Dart               Conj           32%        1d4       10%         1
 Summon Small Mammal      Summ           32%        N/A       10%         1
 Sublimation of Blood     Necr           8%         N/A       14%         2
 Wereblood                Tmut           8%         N/A       14%         2
 Frozen Ramparts          Ice            24%        1d4       28%         3
 Mephitic Cloud           Conj/Pois/Air  8%         N/A       28%         3
 Iskenderun's Mystic Bla  Conj/Tloc      13%        2d5       41%         4
 Manifold Assault         Tloc           17%        N/A       50%         5
 Hailstorm                Conj/Ice       12%        3d5       67%         4
 Ice Form                 Ice/Tmut       12%        N/A       67%         4
 Summon Ice Beast         Ice/Summ       12%        N/A       67%         4
 Starburst                Conj/Fire      4%         6d3       100%        6
 Haunt                    Necr/Summ      4%         N/A       100%        7
 Summon Hydra             Summ           4%         N/A       100%        7
 Summon Horrible Things   Summ           4%         N/A       100%        8


Dungeon Overview and Level Annotations

Branches:
Dungeon (5/15)             Temple (1/1) D:4

Altars:
Cheibriados
Dithmenos
Elyvilon
Fedhas
Gozag
Hepliaklqana
Kikubaaqudgha
Makhleb
Nemelex Xobeh
Okawaru
Ru
Sif Muna
Uskayaw
Vehumet
Wu Jian
Xom
Yredelemnul
The Shining One


Innate Abilities, Weirdness & Mutations

You have very sharp teeth.
Your uncanny sense of smell can sniff out nearby items.
Your experience applies equally to all skills.


Message History

The scorpion closely misses you. The scorpion barely misses you.
You hit the scorpion.
You kill the scorpion!
Unknown command.
n - 6 poisoned darts (gained 1)
Things that are here:
a +1 flail of pain; a +0 chain mail; the human corpse of Edmund
g - 127 stones (gained 1)
Things that are here:
a +1 flail of pain; a +0 chain mail; the human corpse of Edmund You start resting.
HP restored.
m - 2 scrolls labelled QUTAJE XIBU (gained 1)
You open the door.
There is an open door here.
Found an escape hatch in the floor.
You now have 110 gold pieces (gained 11).
You open the door.
There is an open door here.
You open the door.
There is an open door here.
An iguana comes into view.
The iguana hisses angrily.
The iguana bites you.
You hit the iguana but do no damage. The iguana bites you.
You hit the iguana.
The iguana is poisoned.
The iguana is moderately wounded.
The iguana bites you!
You hit the iguana.
The iguana looks as sick as possible!
The iguana is heavily wounded.
The iguana bites you.
You hit the iguana.
The iguana looks as sick as possible!
The iguana is severely wounded.
You kill the iguana!
A two-headed ogre comes into view. It is wielding two +0 giant clubs.
There is an open door here.
The two-headed ogre shouts in stereo!
The two-headed ogre hits you with a +0 giant club!
The two-headed ogre hits you with a +0 giant club!!
You die...

.#######.#.#
.#######.#.#####
........<......##
.#############..#
.#
....####.########
.#
#.....†..........
##.#
#.#######'######
...# #.# #### #@#
# #...O.'...# #
#.###.###.# # #.#
# #.# # ∆ ... #.#
#.#


You could see a two-headed ogre.

Vanquished Creatures
  Edmund (D:5)
  Duvessa (D:4)
  Blork the orc (D:4)
  2 scorpions
  Dowan (D:4)
  An orc priest (D:3)
  A hound (D:5)
  2 iguanas
  Terence (D:3)
  5 adders
  An ufetubus (D:5)
  2 worms (D:2)
  A dart slug (D:2)
  9 orcs
  2 endoplasms
  3 giant cockroaches
  6 goblins
  7 hobgoblins
  3 jackals (D:5)
  2 quokkas (D:1)
  7 ball pythons (D:1)
  5 bats
  5 frilled lizards
  9 kobolds
  4 rats
82 creatures vanquished.

Notes
Turn   | Place    | Note
-------+----------+-------------------------------------------
     0 | D:1      | Ablot the Gnoll Warper began the quest for the Orb.
     0 | D:1      | Reached XP level 1. HP: 20/20 MP: 6/6
   257 | D:1      | Reached XP level 2. HP: 25/26 MP: 7/7
   481 | D:1      | Found a faded altar of an unknown god.
   489 | D:1      | Learned a level 2 spell: Blink
   714 | D:1      | Reached XP level 3. HP: 31/31 MP: 9/9
   737 | D:1      | Reached skill level 5 in Spellcasting
   760 | D:1      | Got Zacuinon's Collected Works on Vitriolic Creation
   798 | D:1      | Learned a level 1 spell: Sting
   991 | D:1      | Got the Papyrus of the Barnacle
  1167 | D:2      | Reached skill level 1 in Invocations
  1386 | D:2      | Reached skill level 1 in Short Blades
  1386 | D:2      | Reached skill level 1 in Long Blades
  1386 | D:2      | Reached skill level 1 in Axes
  1386 | D:2      | Reached skill level 1 in Maces & Flails
  1386 | D:2      | Reached skill level 1 in Staves
  1386 | D:2      | Reached skill level 1 in Slings
  1386 | D:2      | Reached skill level 1 in Bows
  1386 | D:2      | Reached skill level 1 in Crossbows
  1386 | D:2      | Reached skill level 1 in Stealth
  1386 | D:2      | Reached skill level 1 in Shields
  1386 | D:2      | Reached skill level 1 in Unarmed Combat
  1386 | D:2      | Reached skill level 1 in Evocations
  1672 | D:2      | Reached XP level 4. HP: 38/38 MP: 11/11
  1742 | D:2      | You fall into a shaft and drop 2 floors!
  1748 | D:4      | Noticed a scorpion
  1760 | D:4      | Killed a scorpion
  1761 | D:4      | Reached skill level 1 in Conjurations
  1761 | D:4      | Reached skill level 1 in Hexes
  1761 | D:4      | Reached skill level 1 in Summonings
  1761 | D:4      | Reached skill level 1 in Necromancy
  1761 | D:4      | Reached skill level 1 in Transmutations
  1761 | D:4      | Reached skill level 1 in Fire Magic
  1761 | D:4      | Reached skill level 1 in Ice Magic
  1761 | D:4      | Reached skill level 1 in Air Magic
  1761 | D:4      | Reached skill level 1 in Earth Magic
  1761 | D:4      | Reached skill level 1 in Poison Magic
  1761 | D:4      | Reached XP level 5. HP: 39/43 MP: 12/12
  2653 | D:3      | Reached XP level 6. HP: 41/50 MP: 13/13
  2933 | D:3      | Noticed Terence
  2949 | D:3      | Killed Terence
  3305 | D:3      | Identified the ring of Ceiqobi {Ice Dex+2 Stlth+}
  3406 | D:4      | Noticed Blork the orc
  3413 | D:4      | HP: 1/50 [Blork the orc/+1 hand axe of venom (3)]
  3416 | D:4      | Killed Blork the orc
  3417 | D:4      | Reached skill level 5 in Fighting
  3417 | D:4      | Reached skill level 5 in Polearms
  3417 | D:4      | Reached skill level 5 in Dodging
  3424 | D:3      | HP: 2/51 [poisoned by Blork the orc]
  3900 | D:4      | Found a staircase to the Ecumenical Temple.
  3909 | Temple   | Entered the Ecumenical Temple
  4041 | Temple   | Became a worshipper of the Shining One
  4141 | D:4      | Noticed Duvessa
  4143 | D:4      | Noticed Dowan
  4163 | D:4      | Killed Duvessa
  4170 | D:4      | Killed Dowan
  4171 | D:4      | Reached XP level 7. HP: 29/56 MP: 15/15
  4809 | D:5      | Entered Level 5 of the Dungeon
  5072 | D:5      | Noticed Edmund
  5091 | D:5      | Killed Edmund
  5346 | D:5      | Noticed a two-headed ogre
  5350 | D:5      | Slain by a two-headed ogre

Illustrated notes

Levels and vault maps discovered:
D:1:      dpeg_arrival_morbid_curiosity, layout_basic,
          hellmonk_ecumenical_altar_lost_god
D:2:      layout_loops_cross
D:3:      layout_loops_ring, kennysheep_generic_room_4, uniq_terence
D:4:      layout_cave_pools, minmay_temple_entry_stoned_glass, uniq_duvessa,
          uniq_blork_the_orc
D:5:      minmay_diamond_boxcup, layout_basic, minmay_door_square,
          nicolae_alphabet_shops, uniq_edmund
Temple:   mainiacjoe_temple_coin_purse

Skill      XL: |  1  2  3  4  5  6  7 |
---------------+----------------------+-----
Spellcasting   | 5 |  5.7
Invocations    | 1 2 |  2.9
Short Blades   | 1 2 |  2.6
Long Blades    | 1 2 |  2.6
Axes           | 1 2 |  2.6
Maces & Flails | 1 2 |  2.6
Staves         | 1 2 |  2.6
Slings         | 1 2 |  2.6
Bows           | 1 2 |  2.6
Crossbows      | 1 2 |  2.6
Stealth        | 1 2 |  2.6
Shields        | 1 2 |  2.6
Unarmed Combat | 1 2 |  2.6
Evocations     | 1 2 |  2.6
Conjurations   | 1 2 |  2.1
Hexes          | 1 2 |  2.1
Summonings     | 1 2 |  2.1
Necromancy     | 1 2 |  2.1
Transmutations | 1 2 |  2.1
Fire Magic     | 1 2 |  2.1
Ice Magic      | 1 2 |  2.1
Air Magic      | 1 2 |  2.1
Earth Magic    | 1 2 |  2.1
Poison Magic   | 1 2 |  2.1
Throwing       | 3 |  3.7
Armour         | 3 |  3.7
Fighting       | 5 |  5.3
Polearms       | 5 |  5.3
Dodging        | 5 |  5.3
Translocations | |  5.9

Action                   |  1- 3 |  4- 6 |  7- 9 || total
-------------------------+-------+-------+-------++-------
Melee: Spear             |    74 |       |       ||    74
       Bite              |    16 |     7 |     6 ||    29
       Dagger            |    56 |    15 |       ||    71
       Punch             |     1 |     1 |       ||     2
       Short sword       |       |    83 |    45 ||   128
Throw: Dart              |       |     9 |     1 ||    10
       Stone             |       |     1 |     1 ||     2
  Use: Potion            |       |     1 |       ||     1
 Stab: Sleeping          |       |     2 |       ||     2
Armor: Leather armour    |    29 |    13 |     6 ||    48
Dodge: Dodged            |    71 |    52 |    30 ||   153
